 Dungeon Crawl Stone Soup version 0.26-a0-665-gefeb406119 (webtiles) character file.

Game seed: 11509634186124168395

429 GoodGuyCap the Insei (level 6, -4/43 HPs)
             Began as an Octopode Monk on Oct 15, 2020.
             Slain by a worker ant (6 damage)
             ... on level 4 of the Dungeon.
             The game lasted 00:04:24 (4375 turns).

GoodGuyCap the Insei (Octopode Monk)                Turns: 4375, Time: 00:04:24

Health: -4/43      AC:  1    Str:  8 (10) XL:     6   Next: 98%
Magic:  6/6        EV: 15    Int:  9 (12) God:
Gold:   126        SH: 12    Dex: 15 (17) Spells: 5/5 levels left

rFire    . . .     SeeInvis .     - Unarmed
rCold    . . .     Faith    .   b - +2 tower shield
rNeg     . . .     Spirit   .   (helmet restricted)
rPois    .         Reflect  .   (no amulet)
rElec    .         Harm     .   h - ring of protection from magic
rCorr    .         Rampage  .   i - +4 ring of evasion
MR       +....                  (no ring)
Stlth    ++++......             (no ring)
HPRegen  0.14/turn              (no ring)
MPRegen  0.10/turn              (no ring)
                                (no ring)
                                (no ring)

@: brilliant, lethally poisoned (-4 -> -9), hasted, very quick
A: almost no armour, stealthy swim, amphibious, 8 rings, constrict 8, camouflage
1, gelatinous body 1
a: no special abilities


You were on level 4 of the Dungeon.
You visited 1 branch of the dungeon, and saw 4 of its levels.

You collected 126 gold pieces.

Inventory:

Armour
 b - a +2 tower shield (worn)
Jewellery
 h - a ring of protection from magic (left tentacle)
 i - a +4 ring of evasion (right tentacle)
Wands
 m - a wand of iceblast (10)
Scrolls
 a - 2 scrolls of teleportation {unknown}
 c - a scroll of remove curse {unknown}
 d - a scroll of magic mapping {unknown}
 g - 4 scrolls of identify {unknown}
 j - 3 scrolls of enchant weapon {unknown}
 k - a scroll of blinking {unknown}
 o - 3 scrolls of noise {unknown}
 p - a scroll of enchant armour {unknown}


   Skills:
 * Level 4.0 Fighting
 * Level 4.2 Dodging
 + Level 4.4 Stealth
 + Level 1.6 Shields
 * Level 5.5 Unarmed Combat


You had 5 spell levels left.
You didn't know any spells.
Your spell library was empty.

Dungeon Overview and Level Annotations

Branches:
Dungeon (4/15)
 Temple: D:4-7

Altars:
Okawaru
Ru
Sif Muna
Zin


Innate Abilities, Weirdness & Mutations

You cannot wear most types of armour.
You are very stealthy in the water. (Stealth+)
You are amphibious.
You can wear up to eight rings at the same time.
You can use your tentacles to constrict eight enemies at once.
Your skin changes colour to match your surroundings (Stealth+).
Your rubbery body absorbs attacks. (AC +1, EV +1)


Message History

You squeeze the worker ant, but do no damage.
The worker ant is heavily wounded.
You feel sick. The worker ant bites you!
* * * LOW HITPOINT WARNING * * *
You barely miss the worker ant. Your grab misses the worker ant.
The worker ant is heavily wounded.
* * * LOW HITPOINT WARNING * * *
You feel sick. You block the worker ant's attack.
Unknown command.
It was a potion of haste.
You feel yourself speed up. The worker ant bites you.
* * * LOW HITPOINT WARNING * * *
It was a potion of degeneration.
There was something very wrong with that liquid.
You feel weakened.
You feel dopey.
You feel clumsy.
* * * LOW HITPOINT WARNING * * *
You feel sick. You block the worker ant's attack.
It was a potion of brilliance.
You feel clever all of a sudden. The worker ant bites you.
You die...

..#. ..#.. ...#
#..#
..........##... .
.........# ...#
..# .........
#.#####...#
.o......
#ooB@.([#
.......#
####o#######
......>###....#
#.....##...o.#
#.$...#....###
.#.....#o...#
..(.....!..######
.................
.......##...####


You could see a worker ant, an orc wizard and 2 orcs.

Vanquished Creatures
  Sigmund (D:2)
  3 orc wizards (D:3)
  Crazy Yiuf (D:3)
  Ijyb (D:3)
  Robin (D:3)
  2 adders
  2 oozes (D:3)
  3 worms
  3 dart slugs (D:1)
  3 leopard geckos (D:3)
  4 orcs (D:3)
  5 giant cockroaches
  17 goblins
  9 hobgoblins
  2 jackals (D:1)
  5 kobolds
  A quokka (D:3)
  A ball python (D:2)
  12 bats
  4 frilled lizards
  4 rats
84 creatures vanquished.

Notes
Turn   | Place    | Note
-------+----------+-------------------------------------------
     0 | D:1      | GoodGuyCap the Octopode Monk began the quest for the Orb.
     0 | D:1      | Reached XP level 1. HP: 16/16 MP: 1/1
   179 | D:1      | Reached XP level 2. HP: 21/21 MP: 2/2
   545 | D:1      | Reached XP level 3. HP: 26/26 MP: 3/3
  1093 | D:2      | Found a glowing silver altar of Zin.
  1267 | D:2      | Found an iron altar of Okawaru.
  1468 | D:2      | Noticed Sigmund
  1477 | D:2      | HP: 1/26 [Sigmund/magic dart (10)]
  1478 | D:2      | Killed Sigmund
  1478 | D:2      | Reached skill level 4 in Unarmed Combat
  1478 | D:2      | Reached XP level 4. HP: 2/33 MP: 4/4
  1478 | D:2      | Reached XP level 5. HP: 2/37 MP: 5/5
  1965 | D:2      | Found a faded altar of an unknown god.
  2493 | D:3      | Reached skill level 1 in Shields
  2524 | D:3      | Noticed Ijyb
  2544 | D:3      | Killed Ijyb
  2544 | D:3      | Reached XP level 6. HP: 10/43 MP: 6/6
  2883 | D:3      | Reached skill level 5 in Unarmed Combat
  3556 | D:3      | Noticed Robin
  3557 | D:3      | Found a shimmering blue altar of Sif Muna.
  3578 | D:3      | Killed Robin
  3948 | D:3      | Found a sacrificial altar of Ru.
  4061 | D:3      | Found a runed translucent door.
  4062 | D:3      | Noticed Crazy Yiuf
  4290 | D:3      | Killed Crazy Yiuf
  4374 | D:4      | HP: 2/43 [poisoned by a worker ant]
  4375 | D:4      | Slain by a worker ant

Illustrated notes

Levels and vault maps discovered:
D:1:      shiori_arrival_elements, layout_basic, chequers_decorated_corner
D:2:      layout_basic, old_standard_altar, zin_academy,
          chequers_ecumenical_altar_simple, uniq_sigmund
D:3:      layout_basic, old_standard_altar, marbit_many_paths,
          minmay_quadrilaterals, uniq_robin, uniq_ijyb, uniq_crazy_yiuf_cottage
D:4:      layout_rooms, lemuel_round_altar, minmay_temple_entry_tees

Skill      XL: |  1  2  3  4  5  6 |
---------------+-------------------+-----
Stealth        | 3 4 |  4.4
Unarmed Combat | 4 5 |  5.5
Dodging        | 4 |  4.2
Shields        | 1 |  1.6
Fighting       | 4 |  4.0

Action                   |  1- 3 |  4- 6 || total
-------------------------+-------+-------++-------
Melee: Unarmed           |    69 |   121 ||   190
       Tentacles         |    14 |    25 ||    39
       Constrict         |    21 |    32 ||    53
       Punch             |     3 |     3 ||     6
  Use: Potion            |       |     5 ||     5
 Stab: Sleeping          |     6 |    18 ||    24
Armor: Skin              |     6 |     6 ||    12
Dodge: Dodged            |    29 |    51 ||    80
Block: Tower shield      |    35 |    71 ||   106

Table legend: (Time is in decaauts)
 A = Elapsed time spent in this place.
 B = Non-inter-level travel time spent in this place.
 C = Inter-level travel time spent in this place.
 D = Time resting spent in this place.
 E = Time spent auto-exploring this place.
 F = Levels seen in this place.
 G = Mean time per level.
                   A        B        C        D        E       F      G
               +--------+--------+--------+--------+--------+-----+--------+
         Total |   4388 |   4366 |     22 |   1179 |   2527 |   4 | 1097.0 |
       Dungeon |   4388 |   4366 |     22 |   1179 |   2527 |   4 | 1097.0 |
               +--------+--------+--------+--------+--------+-----+--------+

Top non-repeatable levels by time:
     D:3: 1917 daAuts
     D:2: 1372 daAuts
     D:1: 1071 daAuts
     D:4: 26 daAuts
